 Dungeon Crawl Stone Soup version 0.27.1-34-g3ba077fa99 (webtiles) character file.

Game seed: 17805756961912257280

70 ticklebelly the Chopper (level 4, -7/41 HPs)
             Began as a Minotaur Berserker on Jan 5, 2022.
             Was a Believer of Trog.
             Splashed by a jelly's acid (10 damage)
             ... on level 3 of the Dungeon.
             The game lasted 00:02:32 (1775 turns).

ticklebelly the Chopper (Minotaur Berserker)        Turns: 1775, Time: 00:02:33

Health: -7/41      AC: -1    Str: 22    XL:     4   Next: 4%
Magic:  3/3        EV: 10    Int:  4    God:    Trog [**....]
Gold:   84         SH:  0    Dex: 10    Spells: 3/3 levels left

rFire    . . .     SeeInvis .   a - +0 hand axe
rCold    . . .     Faith    .   (no shield)
rNeg     . . .     Spirit   .   c - +0 scale mail
rPois    .         Reflect  .   (helmet restricted)
rElec    .         Harm     .   (no cloak)
rCorr    .         Rampage  .   (no gloves)
Will     .....                  (no boots)
Stlth    ..........             (no amulet)
HPRegen  0.13/turn              (no ring)
MPRegen  0.08/turn              (no ring)

@: corroded
A: horns 2, retaliatory headbutt
a: Renounce Religion, Berserk, Trog's Hand


You were on level 3 of the Dungeon.
You worshipped Trog.
Trog was pleased with you.
You visited 1 branch of the dungeon, and saw 3 of its levels.

You collected 84 gold pieces.

Inventory:

Hand Weapons
 a - a +0 hand axe (weapon)
Armour
 c - a +0 scale mail (worn)
Scrolls
 b - a scroll of amnesia {unknown}
 f - a scroll of fog {unknown}
 i - 2 scrolls of identify {unknown}
 j - a scroll of enchant armour {unknown}
Potions
 d - a potion of degeneration {unknown}
 e - a potion of lignification {unknown}
 g - a potion of brilliance {unknown}
 h - a potion of curing {unknown}


   Skills:
 + Level 4.9 Fighting
 + Level 4.9 Axes
 - Level 2.4 Armour
 - Level 2.1 Dodging


You had 3 spell levels left.
You didn't know any spells.
Your spell library was empty.

Dungeon Overview and Level Annotations

Branches:
Dungeon (3/15)

Altars:
Makhleb


Innate Abilities, Weirdness & Mutations

You have a pair of horns on your head.
You reflexively headbutt those who attack you in melee.


Message History

The adder is severely wounded.
The adder closely misses you.
You hit the adder.
You kill the adder!
Trog accepts your kill.
You have reached level 4!
You feel agile.
You start resting.
HP restored.
Things that are here:
a +0 dagger; a goblin corpse
j - a scroll labelled YCZAKHLA IMIU
Things that are here:
a +0 dagger; a goblin corpse
i - 2 scrolls labelled NUEGHO TYOJE (gained 1)
Things that are here:
a +0 dagger; a goblin corpse Done exploring.
Done exploring.
Done exploring.
There is a stone staircase leading down here.
You climb downwards.
There is a stone staircase leading up here.
A jelly comes into view.
The jelly quivers.
The jelly hits you. The acid corrodes you!
You are splashed with acid!
You hit the jelly.
Your hands burn!
You headbutt the jelly, but do no damage.
The jelly is lightly wounded.
The jelly hits you.
You are splashed with acid.
You hit the jelly.
Your hands burn!
The jelly is moderately wounded.
The jelly hits you.
* * * LOW HITPOINT WARNING * * *
The acid corrodes you!
You are splashed with acid!
* * * LOW HITPOINT WARNING * * *
The jelly hits you.
* * * LOW HITPOINT WARNING * * *
You are splashed with acid!
You die...

##############
#............#
#.##########.#
#.# #.# #@# #.#
#J# #.####
#.##########....#
...........####.#
#.# #........#
... #.#.###..#
#.# #.#.# #..#
#.# # #.#.# #..#
.###.##.#.###..#


You could see a jelly.

Vanquished Creatures
  A gnoll (D:1)
  3 adders (D:2)
  4 bats
  2 endoplasms (D:2)
  2 giant cockroaches
  4 goblins
  3 hobgoblins
  4 ball pythons
  3 frilled lizards
  6 kobolds
  5 rats
37 creatures vanquished.

Vanquished Creatures (others)
  A plant (D:1)
1 creature vanquished.

Grand Total: 38 creatures vanquished

Notes
Turn   | Place    | Note
-------+----------+-------------------------------------------
     0 | D:1      | ticklebelly the Minotaur Berserker began the quest for the
                  | Orb.
     0 | D:1      | Reached XP level 1. HP: 19/19 MP: 0/0
    16 | D:1      | Reached XP level 2. HP: 8/27 MP: 1/1
   521 | D:1      | Found a faded altar of an unknown god.
  1112 | D:2      | Found a burning altar of Makhleb.
  1141 | D:2      | Reached XP level 3. HP: 34/34 MP: 2/2
  1537 | D:2      | Reached ** piety under Trog
  1550 | D:2      | Reached XP level 4. HP: 33/41 MP: 3/3
  1775 | D:3      | Splashed by a jelly's acid

Illustrated notes

Levels and vault maps discovered:
D:1:      scummos_arrival_star, layout_basic, serial_forest,
          infiniplex_forest_clump_long, infiniplex_forest_clump_small,
          infiniplex_forest_side_room, infiniplex_forest_side_room,
          infiniplex_forest_split, infiniplex_forest_end_3,
          infiniplex_forest_zigzag_2, hellmonk_ecumenical_altar_crossroads
D:2:      layout_basic, basic_altar
D:3:      layout_basic, serial_shops, shop

Skill      XL: |  1 |
---------------+----+-----
Fighting       | 4 |  4.9
Axes           | 4 |  4.9
Armour         | |  2.4
Dodging        | |  2.1

Action                   |  1- 3 |  4- 6 || total
-------------------------+-------+-------++-------
Melee: Hand axe          |    79 |     2 ||    81
       Headbutt          |    10 |     1 ||    11
Armor: Animal skin       |     6 |       ||     6
       Scale mail        |    25 |       ||    25
Dodge: Dodged            |    42 |       ||    42
